General information
- name: BNet
- type: Ladder team game (AT/RT)
- host: Battle.net
- saver: humankingtomvip
map: GoldRush
- players: 8
- length: 36:23
- speed: Fast
- version: 1.26 W3XP
- replay type: Public
» download(243 KB)
Players
team 1 (winner)
humankingtomvip (
orange | 82 APM | 3001 actions | 36:23)
9 Archmage
3 Blizzard
3 Brilliance Aura
1 Mass Teleport
2 Summon Water Elemental
1 Priestess of the Moon
1 Trueshot Aura
3 Dark Ranger
2 Silence
1 Life Drain
1 Paladin
1 Holy Light
1 Mountain King
1 Bash
» actions
| Assign group hotkey | 186 | |
| Basic commands | 107 | |
| Build / train | 132 | |
| ESC pressed | 13 | |
| Enter build submenu | 54 | |
| Enter hero's abilities submenu | 16 | |
| Give item / drop item | 2 | |
| Right click | 934 | |
| Select / deselect | 380 | |
| Select group hotkey | 926 | |
| Use ability | 251 | |
3001 total
» units
| Peasant | 31 | |
| Dragonhawk Rider | 7 | |
| Gryphon Rider | 3 | |
| Wisp | 2 | |
| Spell Breaker | 12 | |
| Knight | 4 | |
| Chimaera | 5 | |
64 total
» upgrades
| Masonry | 2 | |
| Lumber Harvesting | 1 | |
| Cloud | 1 | |
| Swords | 3 | |
| Armor | 3 | |
| Storm Hammers | 1 | |
| Animal War Training | 1 | |
| Corrosive Breath | 1 | |
13 total
» buildings
| Altar of Kings | 1 | |
| Farm | 15 | |
| Scout Tower | 21 | |
| Arcane Tower | 5 | |
| Lumber Mill | 1 | |
| Guard Tower | 17 | |
| Town Hall | 7 | |
| Keep | 3 | |
| Castle | 2 | |
| Arcane Vault | 1 | |
| Barracks | 1 | |
| Gryphon Aviary | 3 | |
| Blacksmith | 2 | |
| Ancient of Wind | 1 | |
| Ancient of Wonders | 1 | |
| Chimaera Roost | 3 | |
| Moon Well | 3 | |
87 total
» build order
00:05 Altar of Kings
00:36 Farm
02:11 Scout Tower
02:30 Arcane Tower
02:41 Lumber Mill
02:47 Farm
03:10 Scout Tower
03:31 Farm
03:43 Arcane Tower
03:44 Scout Tower
04:15 Guard Tower
05:09 Scout Tower
05:12 Scout Tower
05:24 Scout Tower
06:04 Guard Tower
07:41 Town Hall
07:55 Scout Tower
07:57 Scout Tower
07:58 Scout Tower
07:59 Scout Tower
08:00 Scout Tower
08:11 Scout Tower
08:22 Arcane Tower
08:26 Guard Tower
08:26 Guard Tower
08:26 Guard Tower
08:41 Guard Tower
08:41 Guard Tower
08:52 Guard Tower
08:52 Guard Tower
09:39 Keep
09:39 Keep
09:47 Guard Tower
09:48 Guard Tower
10:16 Scout Tower
10:17 Scout Tower
10:17 Scout Tower
10:18 Scout Tower
10:18 Scout Tower
10:19 Scout Tower
10:19 Scout Tower
10:20 Scout Tower
11:30 Guard Tower
11:57 Arcane Tower
12:00 Castle
12:00 Castle
12:04 Arcane Vault
12:06 Barracks
12:12 Town Hall
13:57 Gryphon Aviary
13:58 Gryphon Aviary
13:59 Gryphon Aviary
14:30 Farm
14:30 Farm
14:30 Farm
14:55 Farm
16:09 Blacksmith
16:58 Farm
16:58 Farm
17:00 Blacksmith
20:00 Town Hall
20:59 Ancient of Wind
21:28 Ancient of Wonders
23:06 Chimaera Roost
23:06 Chimaera Roost
23:07 Chimaera Roost
23:37 Town Hall
27:52 Town Hall
30:32 Arcane Tower
31:08 Farm
31:09 Farm
31:09 Farm
31:10 Farm
31:36 Town Hall
32:42 Moon Well
32:42 Moon Well
32:43 Moon Well
33:33 Town Hall
» items
| Staff of Teleportation | 2 | |
| Boots of Speed | 3 | |
| Potion of Invisibility | 2 | |
| Scroll of Town Portal | 3 | |
| Scroll of Regeneration | 2 | |
12 total
zoch007 (
green | 30 APM | 604 actions | 20:26)
2 Priestess of the Moon
1 Scout
1 Searing Arrows
1 Dark Ranger
1 Silence
» actions
| Basic commands | 5 | |
| Build / train | 49 | |
| Enter build submenu | 15 | |
| Enter hero's abilities submenu | 4 | |
| Give item / drop item | 1 | |
| Remove unit from queue | 1 | |
| Right click | 304 | |
| Select / deselect | 188 | |
| Use ability | 37 | |
604 total
» units
» buildings
| Hunter's Hall | 1 | |
| Altar of Elders | 1 | |
| Moon Well | 3 | |
| Ancient Protector | 4 | |
| Ancient of War | 2 | |
| Tree of Ages | 2 | |
| Ancient of Lore | 2 | |
15 total
» build order
00:18 Hunter's Hall
00:37 Altar of Elders
01:27 Moon Well
02:01 Ancient Protector
03:05 Ancient of War
03:15 Moon Well
03:17 Moon Well
04:02 Ancient of War
06:29 Ancient Protector
08:21 Tree of Ages
08:46 Ancient Protector
10:12 Tree of Ages
14:07 Ancient of Lore
14:51 Ancient Protector
18:58 Ancient of Lore
» items
| Staff of Teleportation | 1 | |
| Periapt of Vitality | 1 | |
| Circlet of Nobility | 1 | |
3 total
deathsgarden (
teal | 86 APM | 3110 actions | 36:21)
7 Dark Ranger
3 Black Arrow
1 Silence
2 Life Drain
1 Charm
6 Beastmaster
2 Summon Bear
3 Summon Hawk
1 Stampede
3 Priestess of the Moon
2 Trueshot Aura
1 Starfall
» actions
| Assign group hotkey | 43 | |
| Basic commands | 7 | |
| Build / train | 107 | |
| ESC pressed | 6 | |
| Enter build submenu | 33 | |
| Enter hero's abilities submenu | 16 | |
| Give item / drop item | 5 | |
| Right click | 1326 | |
| Select / deselect | 393 | |
| Select group hotkey | 1079 | |
| Use ability | 95 | |
3110 total
» units
| Peasant | 9 | |
| Rifleman | 20 | |
| Mortar Team | 13 | |
| Knight | 1 | |
43 total
» upgrades
| Gunpowder | 3 | |
| Masonry | 2 | |
| Armor | 1 | |
| Lumber Harvesting | 1 | |
| Long Rifles | 1 | |
| Fragmentation Shards | 1 | |
| Flare | 1 | |
| Nature's Blessing | 1 | |
11 total
» buildings
| Farm | 10 | |
| Lumber Mill | 1 | |
| Altar of Kings | 2 | |
| Blacksmith | 1 | |
| Barracks | 1 | |
| Scout Tower | 10 | |
| Guard Tower | 8 | |
| Arcane Vault | 1 | |
| Keep | 2 | |
| Workshop | 2 | |
| Town Hall | 3 | |
| Castle | 1 | |
| Tree of Eternity | 1 | |
| Tree of Life | 1 | |
44 total
» build order
00:11 Farm
00:26 Lumber Mill
00:47 Altar of Kings
01:45 Blacksmith
02:09 Barracks
02:38 Farm
03:22 Farm
03:36 Scout Tower
04:07 Guard Tower
04:15 Arcane Vault
04:44 Scout Tower
05:34 Guard Tower
05:37 Keep
05:47 Farm
06:26 Farm
08:17 Workshop
08:23 Farm
09:13 Workshop
09:18 Farm
10:43 Town Hall
12:41 Farm
13:23 Farm
14:51 Castle
16:38 Town Hall
19:32 Scout Tower
20:02 Scout Tower
20:03 Guard Tower
20:33 Scout Tower
20:35 Guard Tower
20:37 Tree of Eternity
20:41 Tree of Life
21:59 Guard Tower
30:11 Town Hall
30:15 Farm
31:29 Altar of Kings
32:39 Scout Tower
33:09 Scout Tower
33:10 Guard Tower
34:21 Scout Tower
34:55 Scout Tower
34:56 Guard Tower
35:25 Scout Tower
35:30 Guard Tower
35:38 Keep
» items
| Scroll of Regeneration | 6 | |
| Lesser Clarity Potion | 3 | |
| Scroll of Town Portal | 6 | |
| Scroll of Healing | 1 | |
| Orb of Fire | 2 | |
| Potion of Mana | 4 | |
| Potion of Healing | 1 | |
23 total
P3niLe (
purple | 25 APM | 640 actions | 25:08)
3 Paladin
1 Holy Light
1 Devotion Aura
1 Divine Shield
3 Mountain King
2 Storm Bolt
1 Bash
» actions
| Assign group hotkey | 13 | |
| Build / train | 58 | |
| Enter build submenu | 18 | |
| Enter hero's abilities submenu | 6 | |
| Right click | 164 | |
| Select / deselect | 164 | |
| Select group hotkey | 174 | |
| Use ability | 43 | |
640 total
» units
| Peasant | 12 | |
| Footman | 6 | |
| Knight | 9 | |
| Priest | 8 | |
35 total
» upgrades
| Swords | 3 | |
| Priest Training | 2 | |
| Animal War Training | 1 | |
| Lumber Harvesting | 2 | |
| Plating | 1 | |
9 total
» buildings
| Altar of Kings | 1 | |
| Farm | 8 | |
| Barracks | 2 | |
| Arcane Vault | 1 | |
| Keep | 1 | |
| Lumber Mill | 1 | |
| Blacksmith | 1 | |
| Castle | 1 | |
| Arcane Sanctum | 1 | |
| Town Hall | 3 | |
20 total
» build order
00:06 Altar of Kings
00:10 Farm
00:13 Barracks
00:18 Farm
02:23 Farm
04:17 Arcane Vault
04:40 Keep
06:31 Lumber Mill
06:36 Blacksmith
07:22 Castle
07:52 Arcane Sanctum
08:04 Farm
08:44 Barracks
09:29 Town Hall
09:56 Farm
10:00 Farm
11:57 Farm
12:15 Farm
14:59 Town Hall
19:13 Town Hall
» items
| Ivory Tower | 3 | |
| Scroll of Town Portal | 1 | |
4 total
team 2 (loser)
xo7010 (
pink | 55 APM | 1997 actions | 36:16)
7 Mountain King
3 Storm Bolt
3 Bash
1 Avatar
2 Paladin
1 Holy Light
1 Devotion Aura
» actions
| Assign group hotkey | 42 | |
| Build / train | 145 | |
| Enter build submenu | 23 | |
| Enter hero's abilities submenu | 9 | |
| Give item / drop item | 2 | |
| Right click | 765 | |
| Select / deselect | 354 | |
| Select group hotkey | 580 | |
| Use ability | 77 | |
1997 total
» units
| Peasant | 68 | |
| Footman | 13 | |
| Rifleman | 17 | |
| Gryphon Rider | 10 | |
108 total
» upgrades
| Gunpowder | 1 | |
| Swords | 2 | |
| Armor | 2 | |
| Long Rifles | 3 | |
| Lumber Harvesting | 2 | |
| Animal War Training | 1 | |
| Storm Hammers | 1 | |
12 total
» buildings
| Altar of Kings | 1 | |
| Farm | 9 | |
| Barracks | 1 | |
| Arcane Vault | 1 | |
| Blacksmith | 1 | |
| Keep | 1 | |
| Scout Tower | 1 | |
| Lumber Mill | 1 | |
| Town Hall | 3 | |
| Guard Tower | 1 | |
| Castle | 1 | |
| Gryphon Aviary | 3 | |
24 total
» build order
00:22 Altar of Kings
00:36 Farm
00:52 Barracks
01:13 Farm
01:51 Farm
03:25 Farm
03:30 Arcane Vault
04:06 Farm
04:11 Blacksmith
05:32 Farm
06:19 Farm
06:50 Keep
07:16 Scout Tower
07:26 Lumber Mill
07:40 Town Hall
07:54 Farm
08:32 Guard Tower
09:07 Farm
09:40 Castle
12:47 Gryphon Aviary
15:15 Gryphon Aviary
17:03 Gryphon Aviary
24:59 Town Hall
35:10 Town Hall
» items
| Scroll of Regeneration | 3 | |
| Orb of Lightning | 1 | |
| Scroll of Town Portal | 3 | |
| Periapt of Vitality | 1 | |
| Potion of Lesser Invulnerability | 1 | |
| Potion of Healing | 2 | |
11 total
DJK. (
blue | 55 APM | 1853 actions | 33:59)
6 Archmage
3 Blizzard
2 Brilliance Aura
1 Mass Teleport
4 Paladin
2 Holy Light
2 Divine Shield
» actions
| Assign group hotkey | 34 | |
| Basic commands | 34 | |
| Build / train | 78 | |
| ESC pressed | 1 | |
| Enter build submenu | 32 | |
| Enter hero's abilities submenu | 10 | |
| Give item / drop item | 2 | |
| Remove unit from queue | 1 | |
| Right click | 736 | |
| Select / deselect | 396 | |
| Select group hotkey | 445 | |
| Use ability | 84 | |
1853 total
» units
| Peasant | 30 | |
| Rifleman | 10 | |
| Priest | 3 | |
| Sorceress | 3 | |
| Mortar Team | 3 | |
| Siege Engine | 3 | |
52 total
» upgrades
| Priest Training | 2 | |
| Fragmentation Shards | 1 | |
| Barrage | 1 | |
| Gunpowder | 1 | |
5 total
» buildings
| Altar of Kings | 1 | |
| Farm | 13 | |
| Blacksmith | 1 | |
| Barracks | 1 | |
| Keep | 1 | |
| Lumber Mill | 1 | |
| Scout Tower | 3 | |
| Guard Tower | 2 | |
| Arcane Tower | 1 | |
| Arcane Vault | 1 | |
| Arcane Sanctum | 1 | |
| Castle | 1 | |
| Workshop | 1 | |
| Town Hall | 1 | |
29 total
» build order
00:21 Altar of Kings
00:23 Farm
00:55 Blacksmith
01:05 Barracks
01:32 Farm
05:25 Farm
07:48 Farm
08:11 Keep
08:24 Lumber Mill
09:19 Scout Tower
09:21 Scout Tower
09:30 Scout Tower
09:50 Guard Tower
10:04 Guard Tower
10:05 Arcane Tower
12:45 Arcane Vault
12:49 Farm
13:21 Arcane Sanctum
13:44 Castle
14:53 Farm
16:44 Workshop
17:40 Farm
17:42 Farm
17:45 Farm
17:46 Farm
22:15 Farm
22:17 Farm
23:02 Farm
25:31 Town Hall
» items
motivation5 (
red | 38 APM | 1397 actions | 36:21)
5 Blademaster
2 Wind Walk
3 Critical Strike
5 Shadow Hunter
2 Healing Wave
3 Serpent Ward
» actions
| Assign group hotkey | 48 | |
| Basic commands | 1 | |
| Build / train | 87 | |
| Enter build submenu | 31 | |
| Enter hero's abilities submenu | 10 | |
| Give item / drop item | 6 | |
| Right click | 609 | |
| Select / deselect | 296 | |
| Select group hotkey | 202 | |
| Use ability | 107 | |
1397 total
» units
| Peon | 17 | |
| Wind Rider | 19 | |
| Tauren | 4 | |
| Troll Batrider | 13 | |
| Raider | 1 | |
54 total
» upgrades
| Ranged Weapons | 3 | |
| Armor | 2 | |
| Pillage | 2 | |
| Envenomed Spears | 1 | |
| Melee Weapons | 2 | |
| Pulverize | 1 | |
| Liquid Fire | 1 | |
| Ensnare | 1 | |
13 total
» buildings
| Orc Burrow | 8 | |
| Altar of Storms | 1 | |
| Voodoo Lounge | 1 | |
| War Mill | 1 | |
| Watch Tower | 9 | |
| Stronghold | 1 | |
| Beastiary | 3 | |
| Great Hall | 3 | |
| Fortress | 1 | |
| Tauren Totem | 1 | |
29 total
» build order
00:22 Orc Burrow
00:25 Altar of Storms
00:48 Voodoo Lounge
01:02 War Mill
02:18 Watch Tower
02:44 Stronghold
02:49 Orc Burrow
02:52 Orc Burrow
03:11 Orc Burrow
03:57 Watch Tower
04:03 Watch Tower
05:07 Orc Burrow
05:13 Beastiary
05:16 Beastiary
07:13 Great Hall
11:33 Orc Burrow
12:38 Fortress
13:53 Watch Tower
13:56 Watch Tower
14:47 Orc Burrow
14:49 Orc Burrow
18:14 Great Hall
20:27 Tauren Totem
22:21 Beastiary
24:25 Watch Tower
24:31 Watch Tower
24:35 Watch Tower
24:44 Watch Tower
33:13 Great Hall
» items
| Healing Salve | 1 | |
| Scroll of Speed | 2 | |
| Lesser Clarity Potion | 1 | |
| Orb of Lightning | 1 | |
| Scroll of Town Portal | 1 | |
6 total

»
Drezin (
yellow | 86 APM | 3046 actions | 35:23)
7 Demon Hunter
3 Mana Burn
3 Evasion
1 Metamorphosis
4 Dark Ranger
2 Black Arrow
2 Silence
» actions
| Assign group hotkey | 64 | |
| Basic commands | 96 | |
| Build / train | 161 | |
| Enter build submenu | 23 | |
| Enter hero's abilities submenu | 11 | |
| Give item / drop item | 3 | |
| Remove unit from queue | 11 | |
| Right click | 1453 | |
| Select / deselect | 340 | |
| Select group hotkey | 760 | |
| Use ability | 124 | |
3046 total
» units
| Wisp | 29 | |
| Archer | 24 | |
| Druid of the Talon | 14 | |
| Dryad | 14 | |
| Hippogryph | 12 | |
93 total
» upgrades
| Ultravision | 1 | |
| Improved Bows | 1 | |
| Nature's Blessing | 1 | |
| Abolish Magic | 1 | |
| Druid of the Talon Training | 2 | |
| Strength of the Moon | 4 | |
| Moon Armor | 4 | |
| Strength of the Wild | 2 | |
| Marksmanship | 1 | |
| Well Spring | 2 | |
| Reinforced Hides | 2 | |
| Mark of the Talon | 1 | |
22 total
» buildings
| Altar of Elders | 1 | |
| Moon Well | 7 | |
| Ancient of War | 1 | |
| Tree of Ages | 1 | |
| Hunter's Hall | 2 | |
| Ancient of Wind | 2 | |
| Ancient of Lore | 1 | |
| Ancient of Wonders | 1 | |
| Tree of Life | 3 | |
| Tree of Eternity | 1 | |
20 total
» build order
00:07 Altar of Elders
00:20 Moon Well
00:34 Ancient of War
01:34 Moon Well
03:50 Tree of Ages
03:52 Hunter's Hall
04:30 Moon Well
06:37 Ancient of Wind
07:12 Ancient of Lore
07:33 Moon Well
07:41 Ancient of Wonders
08:43 Tree of Life
13:33 Tree of Eternity
13:43 Moon Well
17:14 Hunter's Hall
18:43 Moon Well
19:06 Tree of Life
23:11 Moon Well
28:26 Ancient of Wind
34:29 Tree of Life
» items
| Boots of Speed | 1 | |
| Periapt of Vitality | 1 | |
| Circlet of Nobility | 1 | |
| Potion of Healing | 6 | |
| Scroll of Town Portal | 7 | |
| Orb of Venom | 1 | |
| Staff of Preservation | 1 | |
18 total
Chat log
(00:17 / Allies) humankingtomvip: militia rushing with fast alatar harass
(00:39 / Allies) P3niLe: wtf
(00:41 / Allies) humankingtomvip: what are you giving me gold for
(00:56 / Allies) humankingtomvip: im not tower rushing
(01:04 / Allies) humankingtomvip: im going to go blizzard his workers and attack them with militia
(01:09 / Allies) humankingtomvip: then tp home
(01:17 / Allies) deathsgarden: yes nad you used more gold to make the altar faster
(01:21 / Allies) humankingtomvip: oh
(01:34 / Allies) deathsgarden: since you are on the end I dont want you rushed
(01:37 / Allies) deathsgarden: and having nothing
(02:06 / Allies) humankingtomvip: he got raped
(02:08 / Allies) humankingtomvip: come follow up
(03:16 / All) Drezin: WAKE UP
(04:27 / Allies) humankingtomvip: yo why you faggots dont have shit
(04:30 / Allies) humankingtomvip: this a 4v1?
(04:41 / Allies) humankingtomvip: a hero
(04:41 / Allies) humankingtomvip: wow
(06:24 / Allies) P3niLe: knight priest
(06:27 / Allies) humankingtomvip: penile did you beat the campaign
(06:28 / Allies) humankingtomvip: tell the truth
(06:43 / Allies) zoch007: yes
(06:45 / Allies) P3niLe: bitch look at my troops
(06:53 / Allies) humankingtomvip: i asked you a simple question
(07:03 / Allies) P3niLe: i beat it when i was 8 bitch
(07:07 / Allies) P3niLe: im 21
(07:16 / Allies) humankingtomvip: ]so you couldnt beat it huh
(07:25 / Allies) humankingtomvip: give it a try some time when you think youre ready
(07:28 / Allies) humankingtomvip: you might learn how to play
(07:33 / Allies) P3niLe: wtf is your strat u sorry sob
(07:38 / Allies) P3niLe: towers and hero
(07:40 / Allies) P3niLe: ur great
(07:47 / Allies) humankingtomvip: dont take it personally
(10:38 / Allies) zoch007: help
(10:53 / Allies) zoch007: !!!!!!!!!!!!!!!!!!!!!!!!!1
(13:31 / Allies) humankingtomvip: aynone got spare wood
(13:49 / Allies) humankingtomvip: ty
(14:13 / All) humankingtomvip: jesus who fed you to 5
(14:27 / All) DJK.: green
(14:33 / Allies) zoch007: yes
(16:43 / Allies) humankingtomvip: zoch make a shop
(16:45 / Allies) humankingtomvip: and get chims or something
(16:48 / Allies) humankingtomvip: not shitty xp tome archers
(20:08 / Allies) zoch007: wft
(21:40 / Allies) humankingtomvip: what are you doing dude
(21:48 / Allies) humankingtomvip: tp out
(23:55 / Allies) humankingtomvip: stop feeding them you fucking noobs
(24:00 / Allies) humankingtomvip: youd be better allies if u just sat in ur base
(24:01 / Allies) humankingtomvip: and towered
(24:01 / Allies) humankingtomvip: jesus
(24:09 / Allies) P3niLe: getting tired of playing alone
(24:13 / Allies) humankingtomvip: suiciding alone?
(24:44 / Allies) humankingtomvip: heres your chance
(24:47 / Allies) humankingtomvip: to play as a tepm
(24:48 / Allies) humankingtomvip: tp
(25:03 / Allies) P3niLe: psh
(26:12 / Allies) humankingtomvip: go you fucking reatrd
(26:14 / Allies) humankingtomvip: jesus fucking christ
(33:38 / Allies) humankingtomvip: gold pls
(33:41 / Allies) humankingtomvip: need expo
(34:05 / All) humankingtomvip: WHERS UR WINDWALK NOW
(34:06 / All) humankingtomvip: SHITLICKER
(35:36 / All) humankingtomvip: U LOST 2V4
(35:37 / All) humankingtomvip: GET OVER IT
(35:38 / All) humankingtomvip: OUT
(35:55 / All) humankingtomvip: WHERSE YOUR BOLT
(35:57 / All) humankingtomvip: WHERS SHIELD
(35:58 / All) humankingtomvip: RAPED
(36:12 / All) humankingtomvip: MY ALLIES NEVER BEAT CAMPAIGN